 Dungeon Crawl Stone Soup version 0.25-a0-774-g40ae2d4f90 (webtiles) character file.

Game seed: 684624103060841529, levelgen mode: deterministic

101 Maedhros the Sneak (level 4, 0/28 HPs)
             Began as an Octopode Artificer on Apr 13, 2020.
             Was a Believer of Elyvilon.
             Slain by an adder (4 damage)
             ... on level 3 of the Dungeon.
             The game lasted 00:02:20 (2310 turns).

Maedhros the Sneak (Octopode Artificer)             Turns: 2310, Time: 00:02:20

Health: 0/28       AC:  1    Str: 11    XL:     4   Next: 75%
Magic:  6/6        EV: 13    Int: 13    God:    Elyvilon [**....]
Gold:   175        SH:  0    Dex: 13    Spells: 3/3 levels left

rFire    . . .     SeeInvis .   a - +0 short sword
rCold    . . .     Gourm    .   (no shield)
rNeg     . . .     Faith    .   (helmet restricted)
rPois    .         Spirit   .   (no amulet)
rElec    .         Reflect  .   l - ring of attention (curse)
rCorr    .         Harm     .   o - ring of attention (curse)
MR       .....                  (no ring)
Stlth    ++........             (no ring)
HPRegen  0.09/turn              (no ring)
MPRegen  0.10/turn              (no ring)
                                (no ring)
                                (no ring)

@: lethally poisoned (0 -> -5)
A: almost no armour, stealthy swim, amphibious, 8 rings, constrict 8, camouflage
1, gelatinous body 1
a: Lesser Healing, Heal Other, Divine Protection, Renounce Religion


You were on level 3 of the Dungeon.
You worshipped Elyvilon.
Elyvilon was pleased with you.
You were hungry.

You visited 1 branch of the dungeon, and saw 3 of its levels.

You collected 175 gold pieces.

Inventory:

Hand Weapons
 a - a +0 short sword (weapon)
Missiles
 s - 12 poisoned darts (quivered)
Armour
 i - a +0 kite shield
Jewellery
 l - a cursed ring of attention (left tentacle)
 o - a cursed ring of attention (right tentacle)
Wands
 b - a wand of flame (14)
 c - a wand of enslavement (13)
 d - a wand of random effects (15)
Scrolls
 e - 2 scrolls of remove curse {unknown}
 g - 3 scrolls of amnesia {unknown}
 h - 2 scrolls of teleportation {unknown}
 j - 2 scrolls of fog {unknown}
 k - a scroll of random uselessness {unknown}
 m - 2 scrolls of enchant armour {unknown}
 q - a scroll of identify {unknown}
Potions
 n - a potion of curing {unknown}
 p - 2 potions of berserk rage {unknown}
 r - 2 potions of heal wounds {unknown}
Comestibles
 f - 5 rations


   Skills:
 - Level 1.0 Fighting
 - Level 1.0 Short Blades
 - Level 2.0 Dodging
 + Level 4.0 Stealth
 + Level 2.5 Unarmed Combat
 * Level 1.7 Invocations
 - Level 3.2 Evocations


You had 3 spell levels left.
You didn't know any spells.
Your spell library was empty.

Dungeon Overview and Level Annotations

Branches:
Dungeon (3/15)

Altars:
Elyvilon
Makhleb
Nemelex Xobeh
Zin


Innate Abilities, Weirdness & Mutations

You cannot wear most types of armour.
You are very stealthy in the water. (Stealth+)
You are amphibious.
You can wear up to eight rings at the same time.
You can use your tentacles to constrict eight enemies at once.
Your skin changes colour to match your surroundings (Stealth+).
Your rubbery body absorbs attacks. (AC +1, EV +1)


Message History

You closely miss the adder. You grab the adder. You constrict the adder.
The kobold hits you with a +0 whip. The adder bites you.
You are poisoned.
The adder poisons you! The adder closely misses you.
Evoke which item? (* to show all) (? for menu, Esc to quit)
Aiming: Enslavement
Press: ? - help, Shift-Dir - straight line, f - adder
Aim: an adder (chance to defeat MR: 64%)
The adder struggles to resist.
You constrict the adder.
You feel sick.
The adder bites you. x2; The kobold closely misses you.
Evoke which item? (* to show all) (? for menu, Esc to quit)
Aiming: Enslavement
Press: ? - help, Shift-Dir - straight line, f - adder
Aim: an adder (chance to defeat MR: 64%)
The adder struggles to resist.
You constrict the adder. The adder bites you. x2
* * * LOW HITPOINT WARNING * * *
The kobold hits you with a +0 whip.
* * * LOW HITPOINT WARNING * * *
The adder bites you.
You die...

.............###...#...
#........###.......#...
#........# #...)..>#...
+........# #.......#...
#.....?..# #.......#...
##........###.......#...
............'...........
......#.#####.........##
......'@# #..[......##
......SKS..########...#.
...........# ####...#.
...........# #........
...........# #........
...........# #......††
............ #........
............. #........
#........


You could see 2 adders and a kobold.

Vanquished Creatures
  An adder (D:2)
  An ooze (D:1)
  2 worms
  A dart slug (D:3)
  5 leopard geckos
  6 orcs (D:3)
  5 giant cockroaches
  8 goblins
  8 hobgoblins
  6 jackals
  4 bats
  2 frilled lizards (D:2)
  6 kobolds
  10 rats
65 creatures vanquished.

Notes
Turn   | Place    | Note
-------+----------+-------------------------------------------
     0 | D:1      | Maedhros the Octopode Artificer began the quest for the
                  | Orb.
     0 | D:1      | Reached XP level 1. HP: 13/13 MP: 3/3
   111 | D:1      | Reached skill level 2 in Stealth
   145 | D:1      | Reached skill level 1 in Unarmed Combat
   145 | D:1      | Reached XP level 2. HP: 14/18 MP: 4/4
   234 | D:1      | Reached skill level 3 in Stealth
   240 | D:1      | Reached XP level 3. HP: 6/23 MP: 5/5
  1206 | D:2      | Found a faded altar of an unknown god.
  1219 | D:2      | Became a worshipper of Elyvilon the Healer
  1219 | D:2      | Reached * piety under Elyvilon
  1261 | D:2      | Found a burning altar of Makhleb.
  1264 | D:2      | Found a glowing silver altar of Zin.
  1264 | D:2      | Noticed an angel
  1267 | D:2      | Noticed a balrug
  1283 | D:2      | Reached XP level 4. HP: 24/28 MP: 6/6
  1386 | D:2      | Reached skill level 1 in Invocations
  1617 | D:3      | Reached ** piety under Elyvilon
  1869 | D:3      | Found a sparkling altar of Nemelex Xobeh.
  1897 | D:3      | Reached skill level 4 in Stealth
  2244 | D:3      | Found a white marble altar of Elyvilon.
  2310 | D:3      | Slain by an adder

Levels and vault maps discovered:
D:1:      minmay_arrival_checkered_box, layout_basic,
          minmay_misc_feat_more_columns
D:2:      layout_loops_ring, grunt_temple_overflow_order_and_chaos_2,
          first_ration, chequers_ecumenical_altar_simple_redux
D:3:      layout_basic, lemuel_coloured_pillars_altar, lemuel_round_altar,
          overflow_temple_1_default, st_stairs_10

Skill      XL: |  1  2  3  4 |
---------------+-------------+-----
Stealth        | 2 3 4 |  4.0
Unarmed Combat | 1 2 |  2.5
Invocations    | 1 |  1.7
Fighting       | |  1.0
Short Blades   | |  1.0
Dodging        | |  2.0
Evocations     | |  3.2

Action                   |  1- 3 |  4- 6 || total
-------------------------+-------+-------++-------
Melee: Short sword       |    85 |    58 ||   143
       Constrict         |    25 |    21 ||    46
       Tentacles         |    14 |    10 ||    24
       Punch             |       |     3 ||     3
Evoke: Wand              |       |     3 ||     3
 Stab: Sleeping          |     3 |     3 ||     6
       Distracted        |     1 |       ||     1
  Eat: Chunk             |     1 |     3 ||     4
Armor: Skin              |     8 |     5 ||    13
Dodge: Dodged            |    64 |    40 ||   104
Block: Kite shield       |     3 |       ||     3

Table legend:
 A = Non-vault XP
 B = Vault XP
 C = Vault XP percentage of total XP
 D = Non-vault monster count
 E = Vault monster count
 F = Vault count percentage of total count
                 A         B        C        D         E       F
            +---------+---------+-------+---------+---------+-------
      Total |     135 |      10 |   6.9 |      62 |       3 |   4.6
            +---------+---------+-------+---------+---------+-------
        D:1 |      51 |       0 |   0.0 |      27 |       0 |   0.0
        D:2 |      50 |       0 |   0.0 |      20 |       0 |   0.0
        D:3 |      34 |      10 |  22.7 |      15 |       3 |  16.7
            +---------+---------+-------+---------+---------+-------
